[Event "Early-Titled-Tuesday-Blitz-April-16-2024"]
[Site "Chess.com"]
[Date "2024.04.16"]
[Round "2"]
[White "chessfatbear"]
[Black "gau248"]
[Result "1/2-1/2"]
[WhiteElo "2857"]
[BlackElo "2587"]
[TimeControl "180+1"]
[EndTime "8:19:34 PDT"]
[Termination "Game drawn by stalemate"]

1. c4 Nf6 2. Nf3 e6 3. Nc3 d5 4. e3 c5 5. d4 a6 6. cxd5 exd5 7. Be2 Nc6 8. O-O Be7 9. dxc5 Bxc5 10. b3 O-O 11.
Bb2 h6 12. Rc1 Be7 13. Na4 Bg4 14. Nd4 Bxe2 15. Qxe2 Rc8 16. Nf5 Bb4 17. a3 Ba5 18. Nc5 Bc7 19. Qf3 Ne5 20. Qh3 Neg4 21. Bxf6 Nxf6 22.
Nxb7 Qd7 23. Nc5 Qd8 24. Nxa6 Ne4 25. Nxc7 Rxc7 26. Qg4 g6 27. Nd4 Qe7 28. a4 Nc3 29. Rc2 Rfc8 30. Rfc1 Qa3 31. h4 Qb4 32. h5 Kh7 33.
hxg6+ fxg6 34. g3 Qe7 35. Kg2 h5 36. Qe6 Qb4 37. Rh1 Ne4 38. Rxc7+ Rxc7 39. Qxd5 Nxf2 40. Kxf2 Qd2+ 41. Kf3 Re7 42. Rxh5+ gxh5 43. Qxh5+ Kg8 44. Qg5+ Rg7 45. Qd8+ Kh7 46. Qh4+ Kg8 47. Qd8+ Kh7 48.
Qd5 Qd1+ 49. Kf2 Qd2+ 50. Kf3 Qd1+ 51. Kg2 Qe2+ 52. Kh3 Qg4+ 53. Kg2 Qxg3+ 54. Kf1 Qh3+ 55. Ke2 Qh2+ 56. Kd3 Qg1 57. Qf5+ Kg8 58. Qd5+ Kh7 59. a5 Qd1+ 60. Kc3 Rc7+ 61. Kb4 Qd2+ 62. Kb5 Qc3 63. Kb6 Rg7 64. Qe4+ Kh8 65. Qe8+ Kh7 66. Qh5+ Kg8 67.
Qd5+ Kh7 68. Ne6 Rg6 69. Qh5+ Rh6 70. Qf7+ Kh8 71. Ka7 Qxe3+ 72. Ka8 Qxe6 73. Qxe6 Rxe6 74. b4 Re5 75. Ka7 Rb5 76. Ka8 Rxb4 77. a6 Rb6 78. a7 Rb1 1/2-1/2

[Event "Early-Titled-Tuesday-Blitz-April-16-2024"]
[Site "Chess.com"]
[Date "2024.04.16"]
[Round "2"]
[White "Aragon"]
[Black "ExchangeAB"]
[Result "1/2-1/2"]
[WhiteElo "2061"]
[BlackElo "2435"]
[TimeControl "180+1"]
[EndTime "8:19:34 PDT"]
[Termination "Game drawn - insufficient material"]

1. e4 c6 2. Nf3 d5 3. d3 dxe4 4.
dxe4 Qxd1+ 5. Kxd1 Bg4 6. Bd3 e5 7. Ke2 f6 8. Nd2 Nd7 9. h3 Be6 10. Bc4 Kf7 11. a4 Bc5 12. Bxe6+ Kxe6 13. Nc4 Nh6 14. Ne1 Nf7 15. Nd3 Be7 16. f3 Nb6 17. Na5 Rab8 18. Be3 Rhd8 19. Rhd1 Rd7 20. b3 Rbd8 21.
Bxb6 axb6 22. Nc4 Bc5 23. Nxc5+ bxc5 24. Rxd7 Rxd7 25. Ne3 g6 26. Rd1 Rd4 27. c3 Rxd1 28. Nxd1 Nd6 29. Ne3 f5 30. Kd3 b5 31. a5 f4 32. Nc2 Ne8 33. c4 Nc7 34. Ke2 Na6 35.
Kf2 Kd6 36. Ne1 Nb8 37. Nd3 Nd7 38. g3 g5 39. h4 h6 40. hxg5 hxg5 41. Kg2 Kc7 42.
Kh3 Kb7 43. Kg4 Ka6 44. Kxg5 fxg3 45. Ne1 Kxa5 46. Kg4 Kb4 47. Kxg3 Kxb3 48. f4 exf4+ 49. Kxf4 bxc4 50. e5 Nf8 51. Kf5 Kc3 52. Kf6 Kd2 53. Nf3+ Ke3 54. Ng5 Nd7+ 55. Ke6 Nxe5 56. Kxe5 c3 57. Ne4 c2 58. Nxc5 c1=Q 59. Kd6 Qd1+ 60. Kxc6 Qc2 61. Kd5 Qf5+ 62. Kc4 Qg4+ 63. Kd5 Kd2 64.
Ne4+ Ke3 65. Nc5 Qd4+ 66. Kc6 Kf3 67. Kb5 Kg4 68. Kc6 Kf5 69. Kb5 Kg6 70. Kc6 Kf7 71. Nd7 Ke6 72. Nc5+ Ke7 73. Nb7 Qd7+ 74. Kb6 Qh3 75.
Kc6 Qc3+ 76. Kb6 Kd7 77. Nc5+ Kc8 78. Kc6 Qc1 79. Kd5 Kc7 80. Ne4 Qh1 81. Ke5 Kc6 82. Kd4 Qg1+ 83. Ke5 Kd7 84. Nf6+ Ke7 85. Ne4 Qe1 86. Kd5 Qh1 87. Ke5 Qa1+ 88. Kd5 Kd7 89. Nc5+ Kc7 90. Ne4 Kb6 91. Nd6 Qd1+ 92. Ke5 Kc5 93.
Ne4+ Kc6 94. Nf6 Qe1+ 95. Ne4 Qe2 96. Kd4 Qd1+ 97. Ke5 Qd5+ 98. Kf4 Kb5 99. Nc3+ Kc4 100. Nxd5 1/2-1/2

[Event "Early-Titled-Tuesday-Blitz-April-16-2024"]
[Site "Chess.com"]
[Date "2024.04.16"]
[Round "2"]
[White "RobertoJBM"]
[Black "AmanteDeMoi"]
[Result "1-0"]
[WhiteElo "2915"]
[BlackElo "2598"]
[TimeControl "180+1"]
[EndTime "8:19:38 PDT"]
[Termination "RobertoJBM won on time"]

1. d4 g6 2. e4 Bg7 3. Nc3 c6 4.
Be3 d5 5. Qd2 dxe4 6. Nxe4 Nd7 7.
Nf3 Ngf6 8. Nxf6+ Nxf6 9. Bh6 Ne4 10. Qe3 Bxh6 11. Qxh6 Qa5+ 12. c3 Be6 13. Bd3 Nd6 14.
O-O Bf5 15. Bxf5 Nxf5 16. Qf4 O-O 17. Rfe1 Rfe8 18. h4 Ng7 19. Re5 Qc7 20. Rae1 f6 21. R5e4 Qxf4 22. Rxf4 Kf7 23. Rfe4 Rad8 24. g3 Nf5 25. R1e2 h5 26. Nd2 Rd5 27. Nc4 Red8 28.
Ne3 Nxe3 29. R4xe3 R8d7 30. Kg2 a5 31. a3 a4 32. Kf3 b5 33. Re4 Rf5+ 34. Kg2 Rfd5 35. Kf1 R5d6 36. f3 Rd5 37. Kf2 R5d6 38. g4 Rd5 39. Kg3 Rc7 40. Rf4 Rcd7 41. Rfe4 Rc7 42. R4e3 Rcd7 43. Kf4 Rc7 44. Re1 Rcd7 45. R3e2 Rc7 46. Rg1 c5 47. dxc5 Rcxc5 48. Rge1 Rc4+ 49. Re4 e5+ 50. Kg3 Rxe4 51. Rxe4 hxg4 52. Rxg4 f5 53.
Rb4 Kf6 54. c4 bxc4 55. Rxc4 Rd3 56. Kg2 Rb3 57. Rxa4 Rxb2+ 58. Kg1 Ra2 59. Ra6+ Kg7 60. Ra5 Kf6 61. Ra6+ Kf7 62. Ra5 Ke6 63. Ra6+ Kd5 64. Rxg6 Rxa3 65. Kg2 Ra2+ 66. Kg1 Kd4 67. Re6 f4 68. h5 Ke3 69. Rxe5+ Kxf3 70. h6 Rg2+ 71. Kh1 Rg8 72. h7 Rh8 73. Re7 Kg4 74. Kg2 Kf5 75.
Kf3 Kg6 76. Kxf4 Rxh7 77. Re6+ Kf7 78. Re1 Rh4+ 79. Kg5 Ra4 80. Re5 Ra7 81. Kf5 Re7 82. Rd5 Re8 83. Rd6 Re7 84. Rh6 1-0

[Event "Early-Titled-Tuesday-Blitz-April-16-2024"]
[Site "Chess.com"]
[Date "2024.04.16"]
[Round "2"]
[White "DarZay"]
[Black "marcodobrikov"]
[Result "0-1"]
[WhiteElo "2317"]
[BlackElo "2534"]
[TimeControl "180+1"]
[EndTime "8:19:41 PDT"]
[Termination "marcodobrikov won by resignation"]

1. e4 e5 2. Nf3 d6 3. Bc4 Be7 4.
d4 Nd7 5. dxe5 dxe5 6. O-O Ngf6 7. Nc3 c6 8. Ng5 O-O 9. f4 exf4 10. Bxf4 Qb6+ 11. Kh1 Qxb2 12. Qf3 b5 13. Bxf7+ Kh8 14. e5 Nd5 15. Nxd5 Bxg5 16. Bxg5 Nxe5 17. Qb3 Qxb3 18. axb3 Rxf7 19. Nc7 Rb8 20. Rxf7 Nxf7 21. Rf1 Kg8 22. Bf4 Rb7 23. Na6 Re7 24. Nc5 Bf5 25. c3 a5 26. h3 h6 27. Ra1 Ra7 28. Bb8 Ra8 29. Bc7 Rc8 30. Bxa5 Ra8 31. b4 Ne5 32. Rf1 Bg6 33.
Bc7 Nc4 34. Ne6 Be4 35. Nd4 Ra2 36. Rf4 Bxg2+ 37. Kg1 Bxh3 38. Re4 Bg2 39. Rg4 Bd5 40. Nf5 Ra1+ 41. Kf2 Ra2+ 42. Kg1 g5 43. Nxh6+ Kh7 44. Nf5 Kg6 45. Ne7+ Kh5 46. Rg3 Be4 47. Bd8 g4 48. Ng8 Bf3 49. Nf6+ Kh4 50. Ne4+ Kh5 51. Nf6+ Kg6 52.
Nxg4 Kf5 53. Rxf3+ Kxg4 54. Rf6 Ne5 55. Bc7 Nf3+ 56. Kf1 Ra6 57. Bd6 Nd2+ 58. Ke2 Ne4 59. Rg6+ Kf5 60. Rh6 Nxc3+ 61. Kd3 Nd5 62. Bc5 Nf4+ 63.
Kd4 Ne6+ 64. Kc3 Ra3+ 65. Kb2 Rf3 66. Rh5+ Ke4 67. Be7 Nd4 68. Rc5 Rf2+ 69. Kc1 Kd3 70. Bd6 Nb3+ 71. Kb1 Nxc5 72. Bxc5 Rg2 73. Kc1 Kc3 74. Kd1 Rg4 75. Kc1 Rxb4 76. Bxb4+ Kxb4 77. Kc2 Ka4 78. Kb2 c5 79. Kc3 Ka3 80. Kc2 b4 81.
Kb1 c4 82. Ka1 Kb3 83. Kb1 Kc3 84. Kc1 Kd3 85. Kb2 c3+ 86. Kb3 c2 0-1

[Event "Early-Titled-Tuesday-Blitz-April-16-2024"]
[Site "Chess.com"]
[Date "2024.04.16"]
[Round "2"]
[White "teresin05"]
[Black "kacperkarwowski"]
[Result "1-0"]
[WhiteElo "2324"]
[BlackElo "2510"]
[TimeControl "180+1"]
[EndTime "8:19:41 PDT"]
[Termination "teresin05 won by checkmate"]

1. e4 c5 2. Nf3 g6 3. d4 cxd4 4. Nxd4 Nc6 5. c4 Nf6 6. Nc3 d6 7. Be3 Ng4 8. Bc1 Qb6 9. Nce2 Bg7 10. h3 Nxf2 11. Kxf2 Nxd4 12. Be3 e5 13. Qd2 O-O 14. Rd1 f5 15. Nxd4 exd4 16. Bxd4 fxe4+ 17. Kg1 Bxd4+ 18. Qxd4 Rf6 19. Be2 h5 20. Kh2 Qxd4 21. Rxd4 Bf5 22. g4 hxg4 23. hxg4 Be6 24. Rxe4 d5 25.
g5 dxe4 26. gxf6 Kf7 27. Rf1 Bf5 28. Kg3 Kxf6 29. Kf4 g5+ 30. Ke3 Rh8 31. Bg4 Rd8 32. Rxf5+ Kg6 33. Rd5 Rh8 34. Kxe4 Rh2 35. Rb5 b6 36. a4 Kf6 37. b3 Kg6 38. a5 Rf2 39. Ke3 Rf4 40. Be2 Rh4 41. axb6 axb6 42. Rxb6+ Kf5 43. Rb5+ Kf6 44. c5 Rh3+ 45. Kf2 Rc3 46. Rb6+ Ke5 47. c6 Kd6 48. Bc4 Kc7 49. Ra6 g4 50. Kg2 Kd6 51. Rb6 Kc7 52. Ra6 Kd6 53.
Ra8 Kxc6 54. Rg8 Rc2+ 55. Kg3 Kc5 56. Rxg4 Rc1 57. Rg5+ Kb4 58. Rb5+ Kc3 59. Kf4 Kd4 60. Rd5+ Kc3 61. Ke5 Re1+ 62. Kd6 Kb4 63. Rb5+ Kc3 64. Kc5 Re5+ 65. Kc6 Re8 66. Rd5 Kb4 67. Rd3 Rc8+ 68. Kd5 Rh8 69. Ke4 Re8+ 70. Kd4 Rd8+ 71. Ke3 Re8+ 72. Kd2 Rh8 73. Kc2 Rh2+ 74. Rd2 Rh3 75. Kb2 Rh5 76. Be2 Re5 77. Rd4+ Kc5 78. Rc4+ Kb6 79.
Bd3 Rd5 80. Kc3 Rg5 81. b4 Rg1 82. Re4 Rc1+ 83. Kd4 Rc6 84. Bc4 Rc8 85. Re6+ Ka7 86. b5 Rd8+ 87. Kc5 Rh8 88. b6+ Kb8 89. Bd5 Rc8+ 90. Bc6 Rd8 91. Re8 Kc8 92. b7+ Kc7 93. Rxd8 Kxd8 94. b8=Q+ Ke7 95. Qd6+ Kf7 96. Bd5+ Kg7 97.
Qe5+ Kf8 98. Qf6+ Ke8 99. Bf7+ Kf8 100. Be6+ Ke8 101. Qf7+ Kd8 102. Qd7# 1-0

[Event "Early-Titled-Tuesday-Blitz-April-16-2024"]
[Site "Chess.com"]
[Date "2024.04.16"]
[Round "2"]
[White "CarlosjPineror"]
[Black "Masterbeaterr"]
[Result "1-0"]
[WhiteElo "2738"]
[BlackElo "2477"]
[TimeControl "180+1"]
[EndTime "8:19:49 PDT"]
[Termination "CarlosjPineror won by resignation"]

1. e4 e5 2. Nf3 Nc6 3. Bb5 a6 4.
Ba4 Nf6 5. d4 exd4 6. O-O Be7 7.
e5 Nd5 8. Nxd4 Nxd4 9. Qxd4 Nb6 10. Bb3 O-O 11. Nc3 d6 12. Bf4 Bf5 13. exd6 Bxd6 14. Bxd6 Qxd6 15. Qxd6 cxd6 16. Rad1 Rfd8 17. Rd2 Rac8 18.
Rfd1 Rc6 19. Ne2 Bg6 20. Nf4 Kf8 21. f3 Nc4 22. Bxc4 Rxc4 23. Nxg6+ hxg6 24. c3 Rc6 25. Kf2 b5 26. Rd4 Ke7 27. Re1+ Kf8 28. h4 Rc4 29.
Ree4 Rxd4 30. Rxd4 Ke7 31. Re4+ Kd7 32. Ke3 a5 33.
Kd3 Rc8 34. a4 Rb8 35. axb5 Rxb5 36. Kc2 d5 37. Re1 Kd6 38. g3 Rb7 39. b3 Kc5 40.
Ra1 Kb5 41. Re1 Kc5 42. Re8 Ra7 43. Rc8+ Kd6 44. Rg8 f6 45. Re8 Kd7 46. Rb8 Kd6 47. Re8 Kd7 48. Re1 Kd6 49. Kb2 Kd7 50. Ra1 Kc6 51. Kc2 Kb5 52. Kd3 Re7 53. Kd4 Re5 54. f4 Rf5 55. Rf1 g5 56. hxg5 fxg5 57. Rf2 gxf4 58. gxf4 g5 59. Ke3 gxf4+ 60. Rxf4 Rh5 61. Kd4 Rg5 62. Rf8 Rh5 63. Rc8 Kb6 64. Ra8 Rh3 65. Rd8 Rh1 66. Rxd5 Rb1 67. Kc4 Rb2 68. Rd6+ Kb7 69.
Rg6 Rb1 70. Rg5 Kb6 71. Rg6+ Kb7 72. Rg2 Kb6 73. Rg5 Rb2 74. Rg6+ Kb7 75. Rg1 Kb6 76. Ra1 Rh2 77. Ra4 Rh4+ 78. Kd3 Rh3+ 79. Kc2 Rh2+ 80.
Kb1 Kb5 81. Re4 Kb6 82. Kc1 Kb5 83. Rd4 Kb6 84. Rd2 Rh3 85. Kb2 Rg3 86. Rd5 Rh3 87.
Rf5 Rg3 88. c4 Rh3 89. Rd5 Rg3 90. Kc2 Rh3 91. Rd3 Rh2+ 92. Kc3 Rh4 93. Rg3 Rh1 94. Rg5 Rh4 95. Rb5+ Ka6 96. Kb2 Rh3 97. Ka3 Rg3 98. Ka4 Rg1 99. Rxa5+ Kb6 100. Rb5+ Kc6 101. Kb4 Rb1 102. Rh5 Rg1 103. Rh6+ Kc7 104. Kb5 Rg3 105. b4 Rg4 106. c5 Kc8 107. Rh7 Kb8 108. c6 Rf4 109. Kc5 Kc8 110. b5 Rf5+ 111. Kb6 1-0

[Event "Early-Titled-Tuesday-Blitz-April-16-2024"]
[Site "Chess.com"]
[Date "2024.04.16"]
[Round "2"]
[White "Agibileg"]
[Black "tomesao"]
[Result "1-0"]
[WhiteElo "2760"]
[BlackElo "2540"]
[TimeControl "180+1"]
[EndTime "8:20:00 PDT"]
[Termination "Agibileg won by resignation"]

1. d4 Nf6 2. c4 e6 3. Nc3 d5 4.
cxd5 exd5 5. Bg5 Be7 6. e3 O-O 7. Bd3 c6 8. Qc2 h6 9. Bh4 Re8 10. Nge2 Nbd7 11. O-O c5 12. f3 cxd4 13. Nxd4 Ne5 14.
Rae1 Nxd3 15. Qxd3 a6 16. Kh1 Qd6 17. Rd1 Be6 18.
Nxe6 Qxe6 19. Bxf6 Bxf6 20. Nxd5 Be5 21. e4 Rac8 22.
b3 Bb8 23. Rd2 Qe5 24. g3 h5 25. Re2 Rc5 26. f4 Rxd5 27. Qf3 Qe7 28. e5 Qd7 29. Qxh5 g6 30. Qf3 Rd3 31. Qe4 Qd5 32. Qxd5 Rxd5 33. Rc2 Red8 34. Kg2 Rd2+ 35. Rf2 Rxc2 36.
Rxc2 Kf8 37. Kf3 Ke7 38. Ke4 Ba7 39. h3 Rd4+ 40. Kf3 Rd3+ 41. Kg4 Kd7 42. h4 Be3 43. Re2 Bc5 44. Rh2 b5 45. Rg2 b4 46. h5 gxh5+ 47. Kxh5 Be3 48. Re2 Bd4 49. g4 Bc3 50.
Kg5 Rd2 51. Re4 Ke7 52. Rc4 Rxa2 53. Rc7+ Ke8 54. Kf6 Rf2 55. f5 Re2 56. Re7+ Kd8 57.
Kxf7 Rxe5 58. Ra7 Rd5 59. Rxa6 Rd7+ 60. Ke6 Rg7 61. Kd5 Rxg4 62. f6 Ke8 63. Ke6 Re4+ 64. Kf5 Re1 65. Ra8+ Kd7 66. f7 Rf1+ 67. Kg6 Rg1+ 68. Kh5 Rh1+ 69. Kg4 Rg1+ 70. Kh3 Bg7 71. Rg8 Ke7 72. f8=Q+ Bxf8 73. Rxg1 Ke6 74. Rg4 Kd5 75. Rc4 Bc5 76. Kg4 Kc6 77. Kf3 Kb5 78. Ke4 Bd6 79. Kd5 Bf8 80. Rc8 Bg7 81. Rb8+ Ka5 82. Kc4 Bc3 83. Ra8+ Kb6 84. Ra4 Kc6 85. Ra6+ Kb7 86. Re6 Kc7 87. Kb5 Kb7 88. Re7+ Kc8 89. Kc6 Kd8 90. Re4 1-0

[Event "Early-Titled-Tuesday-Blitz-April-16-2024"]
[Site "Chess.com"]
[Date "2024.04.16"]
[Round "2"]
[White "BashiqChess"]
[Black "kyuotbi"]
[Result "1/2-1/2"]
[WhiteElo "2497"]
[BlackElo "2265"]
[TimeControl "180+1"]
[EndTime "8:21:19 PDT"]
[Termination "Game drawn by repetition"]

1. Nf3 Nf6 2. b3 g6 3. Bb2 Bg7 4.
g3 d6 5. d4 O-O 6. Bg2 d5 7.
O-O Bf5 8. c4 c6 9. Nc3 Ne4 10.
e3 Na6 11. h3 h5 12. Nh4 Nxc3 13. Bxc3 Be6 14. Qe2 Nc7 15. Rfd1 b5 16. cxd5 cxd5 17.
Rac1 a5 18. Nf3 Qd7 19. Kh2 b4 20. Ba1 a4 21. Ne5 Bxe5 22. dxe5 axb3 23. axb3 Nb5 24. Rc5 Ra5 25. Bxd5 Nc3 26. Rxc3 bxc3 27. Bxe6 Qxe6 28. Bxc3 Rc5 29. Bd4 Rc6 30. b4 Rfc8 31. b5 Rc2 32. Rd2 Qb3 33. b6 Rxd2 34. Qxd2 Rc2 35. Qe1 Qa2 36. Kg2 e6 37. e4 Qb3 38. Be3 Kg7 39.
h4 Qc4 40. Kf3 Qc6 41. Qd1 Rc4 42. Qd3 f5 43. exf6+ Kxf6 44. b7 Rb4 45. Bg5+ Kf7 46. Qe3 Qxb7 47. Qf4+ Ke8 48. Bh6 Rb3+ 49. Kg2 Rb4 50.
Qf8+ Kd7 51. Qf7+ Kc6 52. Qxe6+ Kb5 53. Qe5+ Ka4 54. Qa1+ Kb3 55. Qb1+ Kc4 56. Qc2+ Kb5 57. Qd3+ Rc4 58. f3 Qc6 59. Qb3+ Kc5 60. Be3+ Kd6 61. Qa3+ Ke6 62. Qd3 Rc2+ 63. Kh3 Rc3 64. Qd4 Qc4 65. Qxc4+ Rxc4 66. Bf4 Rc3 67. Kg2 Rc2+ 68. Kf1 Rh2 69. Kg1 Re2 70. Kf1 Rh2 71. Bg5 Rb2 72. f4 Rb3 73. Kf2 Rb2+ 74. Ke3 Rb3+ 75. Kf2 Rb2+ 76.
Kf3 Rb3+ 77. Kg2 Rb2+ 78. Kh3 Rb3 79. Bh6 Rd3 80. Bg7 Rb3 81. Bh8 Rd3 82. Kg2 Rb3 83. Be5 Rd3 84. Kf2 Rd2+ 85. Ke3 Rg2 86. Kf3 Ra2 87. Bd4 Ra3+ 88. Be3 Rb3 89. Kf2 Rb2+ 90. Kf3 Rb3 91. Ke2 Rb2+ 92. Bd2 Rb3 93. Be3 Rb2+ 94.
Kf1 Rb3 95. Bf2 Rf3 96. Ke2 Rb3 97. Be1 Rb2+ 98. Kd3 Rb3+ 99. Bc3 Ra3 100. Kd4 Ra2 101. Ke3 Rg2 102. Kf3 Rc2 103. Bh8 Ra2 104. Bg7 Ra3+ 105. Kg2 Ra2+ 106. Kh3 Ra3 107. Bf8 Re3 108. e5 Kf5 109. Be7 Rd3 110. Bf6 Rb3 111. Bg7 Rd3 112. Bh8 Rb3 113. Bg7 Rd3 114. Bh8 Rb3 115. Bg7 1/2-1/2

[Event "Early-Titled-Tuesday-Blitz-April-16-2024"]
[Site "Chess.com"]
[Date "2024.04.16"]
[Round "3"]
[White "Tsyhanchuk_Stanislav"]
[Black "Iskusnyh"]
[Result "0-1"]
[WhiteElo "2435"]
[BlackElo "2614"]
[TimeControl "180+1"]
[EndTime "8:22:56 PDT"]
[Termination "Iskusnyh won by resignation"]

1. e4 e6 2. d4 d5 3. Nc3 Nf6 4. e5 Nfd7 5. f4 c5 6. Nf3 Nc6 7. Be3 Rb8 8. Ne2 b5 9. c3 b4 10. Ng3 bxc3 11. bxc3 Qa5 12. Qd2 cxd4 13. Nxd4 Nxd4 14.
cxd4 Bb4 0-1

[Event "Early-Titled-Tuesday-Blitz-April-16-2024"]
[Site "Chess.com"]
[Date "2024.04.16"]
[Round "3"]
[White "Incognizance"]
[Black "Shivananda1964"]
[Result "0-1"]
[WhiteElo "1909"]
[BlackElo "2339"]
[TimeControl "180+1"]
[EndTime "8:22:57 PDT"]
[Termination "Shivananda1964 won by checkmate"]

1. d4 Nf6 2. c4 Nc6 3. Nc3 e5 4. d5 Ne7 5. e4 Ng6 6. Bg5 h6 7. Bxf6 Qxf6 8. Nf3 Bc5 9. h3 a6 10. Be2 d6 11. O-O Nf4 12. a3 Qg6 13. Kh2 Qxg2# 0-1

[Event "Early-Titled-Tuesday-Blitz-April-16-2024"]
[Site "Chess.com"]
[Date "2024.04.16"]
[Round "3"]
[White "Fernando_Offermann"]
[Black "Zavgorodniy_Sergiy"]
[Result "1/2-1/2"]
[WhiteElo "2441"]
[BlackElo "2606"]
[TimeControl "180+1"]
[EndTime "8:23:10 PDT"]
[Termination "Game drawn by repetition"]

1. Nf3 d5 2. g3 Nf6 3. Bg2 e6 4. O-O Be7 5. d3 O-O 6. Nbd2 c5 7. e4 Nc6 8. Re1 b5 9. e5 Nd7 10. Nf1 Qc7 11. Bf4 a5 12. h4 Bb7 13. h5 h6 14. N1h2 Rfc8 15. Ng4 Bf8 16. a4 b4 17.
c3 Qd8 18. Qd2 Kh7 19. d4 bxc3 20. bxc3 Ba6 21. Qc2+ Kh8 22. Qd2 Kh7 23. Qc2+ Kh8 24. Qd2 Kh7 1/2-1/2

[Event "Early-Titled-Tuesday-Blitz-April-16-2024"]
[Site "Chess.com"]
[Date "2024.04.16"]
[Round "3"]
[White "campochess"]
[Black "crazy_but_lazy"]
[Result "0-1"]
[WhiteElo "2212"]
[BlackElo "2555"]
[TimeControl "180+1"]
[EndTime "8:24:34 PDT"]
[Termination "crazy_but_lazy won by resignation"]

1. Nf3 d5 2. b3 Bg4 3. Bb2 Nd7 4. d4 e6 5. c4 c6 6. Nbd2 Ngf6 7. g3 Bd6 8. Bg2 O-O 9. O-O a5 10. h3 Bh5 11.
Re1 a4 12. e4 dxe4 13. Nxe4 Nxe4 14. Rxe4 Qa5 15. g4 Bg6 16. Re2 Rfd8 17. Qd2 Bb4 18.
Qg5 Qxg5 19. Nxg5 a3 20. d5 axb2 21. Rxb2 Bc3 0-1

[Event "Early-Titled-Tuesday-Blitz-April-16-2024"]
[Site "Chess.com"]
[Date "2024.04.16"]
[Round "3"]
[White "chezzgirl04"]
[Black "Mazarini41"]
[Result "0-1"]
[WhiteElo "2120"]
[BlackElo "2358"]
[TimeControl "180+1"]
[EndTime "8:24:38 PDT"]
[Termination "Mazarini41 won by resignation"]

1. e4 e6 2. d4 d5 3. exd5 exd5 4. Nf3 Nc6 5. c3 Bg4 6. Bd3 Qd7 7. O-O Bd6 8. b4 O-O-O 9. a4 f6 10. a5 g5 11.
a6 b6 12. Bb5 Nge7 13. Qa4 h5 14. c4 Bxf3 15. gxf3 dxc4 16. Re1 Qh3 17. f4 Nxd4 0-1

[Event "Early-Titled-Tuesday-Blitz-April-16-2024"]
[Site "Chess.com"]
[Date "2024.04.16"]
[Round "3"]
[White "zverr1"]
[Black "Skatchkov_V"]
[Result "1-0"]
[WhiteElo "2510"]
[BlackElo "2641"]
[TimeControl "180+1"]
[EndTime "8:24:41 PDT"]
[Termination "zverr1 won by resignation"]

1. e4 e5 2. Nf3 Nf6 3. d4 Nxe4 4. dxe5 Bc5 5. Bc4 Nxf2 6. Bxf7+ Kxf7 7. Qd5+ Kg6 8.
Qxc5 Nxh1 9. Qc4 d6 10. Qe4+ Kf7 11. e6+ Kf8 12. Bg5 Qe8 13. e7+ Kf7 14. Qf4+ Ke6 15.
Nd4+ 1-0

[Event "Early-Titled-Tuesday-Blitz-April-16-2024"]
[Site "Chess.com"]
[Date "2024.04.16"]
[Round "3"]
[White "ilimchess2"]
[Black "ural58"]
[Result "0-1"]
[WhiteElo "2240"]
[BlackElo "2482"]
[TimeControl "180+1"]
[EndTime "8:24:48 PDT"]
[Termination "ural58 won by resignation"]

1. d4 d5 2. c4 e5 3. cxd5 Qxd5 4. Nc3 Qxd4 5. Qxd4 exd4 6. Nb5 Bb4+ 7. Bd2 Bxd2+ 8. Kxd2 Na6 9. Rc1 c5 10. b4 Bd7 11. Nd6+ Ke7 12. Nxb7 Nxb4 13. a3 Na2 14. Rxc5 Nf6 15. e3 Ne4+ 16. Ke1 Nxc5 17. Nxc5 dxe3 18. fxe3 Rhc8 0-1

[Event "Early-Titled-Tuesday-Blitz-April-16-2024"]
[Site "Chess.com"]
[Date "2024.04.16"]
[Round "3"]
[White "InitiatingASC"]
[Black "Nutflush"]
[Result "1-0"]
[WhiteElo "2359"]
[BlackElo "2124"]
[TimeControl "180+1"]
[EndTime "8:24:53 PDT"]
[Termination "InitiatingASC won by resignation"]

1. d4 Nf6 2. c4 e6 3. Nc3 Bb4 4. e3 O-O 5. Bd3 d5 6. Nf3 dxc4 7.
Bxc4 c5 8. O-O Nbd7 9. a3 cxd4 10. exd4 Be7 11. Bd3 b6 12. Bc2 Bb7 13. Qd3 h6 14.
Bf4 Rc8 15. Rad1 Re8 16. Ne5 Nf8 17. Bxh6 gxh6 18. Qg3+ Ng6 19. Bxg6 1-0

[Event "Early-Titled-Tuesday-Blitz-April-16-2024"]
[Site "Chess.com"]
[Date "2024.04.16"]
[Round "3"]
[White "Hudijegszid"]
[Black "tetrix83"]
[Result "1-0"]
[WhiteElo "2465"]
[BlackElo "2609"]
[TimeControl "180+1"]
[EndTime "8:24:54 PDT"]
[Termination "Hudijegszid won by resignation"]

1. e4 c5 2. Nf3 Nc6 3. d4 cxd4 4. Nxd4 e6 5. Nc3 Qc7 6. Ncb5 Qb8 7. Bd3 Nf6 8. O-O a6 9. Nxc6 dxc6 10. Nc3 e5 11. a4 a5 12. Bc4 Bd6 13. Bg5 Nd7 14. Qh5 O-O 15. Rad1 Qc7 16. Rd3 Nc5 17. Rg3 g6 18.
Bf6 Re8 19. Rxg6+ 1-0

[Event "Early-Titled-Tuesday-Blitz-April-16-2024"]
[Site "Chess.com"]
[Date "2024.04.16"]
[Round "3"]
[White "osielchesslover2011"]
[Black "Chessbard1972"]
[Result "1-0"]
[WhiteElo "2088"]
[BlackElo "2335"]
[TimeControl "180+1"]
[EndTime "8:25:09 PDT"]
[Termination "osielchesslover2011 won by resignation"]

1. e4 e5 2. Nf3 Nc6 3. Bb5 a6 4.
Ba4 f5 5. O-O Nf6 6. d4 fxe4 7.
Nxe5 Bd6 8. Bxc6 dxc6 9. Bg5 O-O 10. Nc3 Bf5 11. Re1 h6 12. Bxf6 Qxf6 13. Nc4 Bb4 14. Ne3 Bh7 15. Qe2 Qxd4 16. Rad1 Qf6 17. Qc4+ Kh8 18.
Qxb4 Qxf2+ 19. Kh1 Rad8 20. h3 Rxd1 21. Ncxd1 Qg3 22.
Qxf8+ 1-0

[Event "Early-Titled-Tuesday-Blitz-April-16-2024"]
[Site "Chess.com"]
[Date "2024.04.16"]
[Round "3"]
[White "WoolworthsManly"]
[Black "EddieUrquhart"]
[Result "0-1"]
[WhiteElo "2679"]
[BlackElo "2524"]
[TimeControl "180+1"]
[EndTime "8:25:10 PDT"]
[Termination "EddieUrquhart won by resignation"]

1. e4 c5 2. Nf3 e6 3. d4 cxd4 4. Nxd4 Nc6 5. Nc3 Qc7 6. Ncb5 Qb8 7. Be3 Nf6 8. f4 d6 9. Be2 Nxe4 10. Bf3 d5 11. Bxe4 dxe4 12. Qd2 Be7 13. Qc3 Bb4 14.
Nxc6 Bxc3+ 15. Nxc3 bxc6 16. O-O-O O-O 17. Bc5 Re8 18.
Nxe4 Qxf4+ 19. Nd2 Ba6 0-1

[Event "Early-Titled-Tuesday-Blitz-April-16-2024"]
[Site "Chess.com"]
[Date "2024.04.16"]
[Round "3"]
[White "ViratKohl_i"]
[Black "bipe137"]
[Result "1-0"]
[WhiteElo "2535"]
[BlackElo "2720"]
[TimeControl "180+1"]
[EndTime "8:25:16 PDT"]
[Termination "ViratKohl_i won by resignation"]

1. e4 c5 2. Nf3 e6 3. d4 cxd4 4. Nxd4 Nc6 5. Nc3 Nf6 6. a3 d5 7. exd5 Nxd5 8. Nxd5 Qxd5 9. Nxc6 Qxc6 10. Be3 e5 11.
Qe2 a6 12. Bd4 Bd6 13. Bxe5 O-O 14. O-O-O Bxe5 15. Qxe5 Be6 16. Bd3 Rfd8 17. Qe4 Qb6 18. Qxh7+ Kf8 19. Qh8+ Ke7 20. Qh4+ Kf8 21. Rhe1 a5 22.
f4 Rac8 23. f5 Rd4 24. Qh8+ Ke7 25. Qxc8 1-0

[Event "Early-Titled-Tuesday-Blitz-April-16-2024"]
[Site "Chess.com"]
[Date "2024.04.16"]
[Round "3"]
[White "Alexchess1984"]
[Black "esrosenberg"]
[Result "1-0"]
[WhiteElo "2686"]
[BlackElo "2390"]
[TimeControl "180+1"]
[EndTime "8:25:30 PDT"]
[Termination "Alexchess1984 won by resignation"]

1. e4 c5 2. Nf3 e6 3. c3 d5 4.
exd5 Qxd5 5. d4 Nf6 6. Be3 Nc6 7. a3 cxd4 8. cxd4 Be7 9. Nc3 Qd8 10. Bd3 O-O 11. O-O b6 12. Qe2 Bb7 13. h3 a6 14.
Rad1 b5 15. Rfe1 Rc8 16. Bb1 Na5 17. Bg5 Nc4 18. d5 Nxa3 19. dxe6 Qe8 20. exf7+ Rxf7 21. Bf5 Rxc3 22. bxc3 Bd5 23. Bxf6 Rxf6 24. Rxd5 1-0

[Event "Early-Titled-Tuesday-Blitz-April-16-2024"]
[Site "Chess.com"]
[Date "2024.04.16"]
[Round "3"]
[White "theoneandonlydaaevik"]
[Black "ljuks68"]
[Result "0-1"]
[WhiteElo "2578"]
[BlackElo "2400"]
[TimeControl "180+1"]
[EndTime "8:25:39 PDT"]
[Termination "ljuks68 won by resignation"]

1. d4 d5 2. c4 c6 3. Nf3 Nf6 4. Nc3 dxc4 5. a4 Bf5 6. Ne5 Na6 7. f3 Nd7 8. Nxc4 e5 9. e4 exd4 10. Qxd4 Nb4 11. Qd1 Be6 12. Bf4 Nc5 13. Nd6+ Bxd6 14. Bxd6 Bb3 15. Bxc5 Bxd1 16. Rxd1 Qa5 17. Bd6 O-O-O 18.
Bc4 Nc2+ 19. Ke2 Rxd6 20. Rxd6 Qc5 0-1

[Event "Early-Titled-Tuesday-Blitz-April-16-2024"]
[Site "Chess.com"]
[Date "2024.04.16"]
[Round "3"]
[White "maximnovik"]
[Black "carloseduar100"]
[Result "1-0"]
[WhiteElo "2563"]
[BlackElo "2234"]
[TimeControl "180+1"]
[EndTime "8:25:40 PDT"]
[Termination "maximnovik won by resignation"]

1. e4 e6 2. d4 d5 3. e5 c5 4. c3 Nc6 5. Nf3 Qb6 6. Bd3 cxd4 7. O-O Bd7 8. Re1 g6 9. Nbd2 Bg7 10. Nb3 dxc3 11.
bxc3 Nge7 12. Ba3 O-O 13. Rb1 Qd8 14. h4 Nf5 15. Bxf8 Qxf8 16. h5 b6 17. hxg6 fxg6 18.
Nbd4 Nfxd4 19. cxd4 Nb4 20. Bf1 Rc8 21. Qd2 Rc2 22. Qxb4 1-0